 Dungeon Crawl Stone Soup version 0.30-a0-540-g0af01429fa (webtiles) character file.

Game seed: 11701373523247796794

651 Newt the Shooter (level 7, -8/43 HPs)
             Began as a Kobold Hunter on Dec 25, 2022.
             Mangled by an entropy weaver (shapeshifter) (12 damage)
             ... on level 5 of the Dungeon.
             The game lasted 00:05:17 (3955 turns).

Newt the Shooter (Kobold Hunter)                    Turns: 3955, Time: 00:05:18

Health: -8/43      AC:  6    Str:  8    XL:     7   Next: 83%
Magic:  7/7        EV: 16    Int: 10    God:
Gold:   239        SH:  0    Dex: 21    Spells: 6/6 levels left

rFire   . . .      SeeInvis .    a - +2 shortbow (chaos)
rCold   . . .      Faith    .    (shield currently unavailable)
rNeg    . . .      Spirit   .    c - +1 leather armour
rPois   +          Reflect  .    (no helmet)
rElec   .          Harm     .    (no cloak)
rCorr   .          Rampage  .    m - +0 pair of gloves
Will    .....                    q - +0 pair of boots
Stlth   ++++                     (no amulet)
HPRegen 0.27/turn                n - ring of poison resistance
MPRegen 0.10/turn                (no ring)

@: invisible
A: small, no large weapons, nightstalker 3
a: no special abilities


You were on level 5 of the Dungeon.
You visited 1 branch of the dungeon, and saw 5 of its levels.

You collected 239 gold pieces.

Inventory:

Hand Weapons
 a - a +2 shortbow of chaos (weapon)
Armour
 c - a +1 leather armour (worn)
 m - a +0 pair of gloves (worn)
 q - a +0 pair of boots (worn)
Jewellery
 h - a ring of fire
 n - a ring of poison resistance (left hand)
Scrolls
 b - a scroll of immolation
 d - a scroll of vulnerability {unknown}
 e - 2 scrolls of identify
 f - 3 scrolls of magic mapping
Potions
 i - a potion of curing
 j - a potion of lignification
 k - a potion of resistance
 p - 2 potions of might
 t - a potion of degeneration
 v - a potion of attraction


   Skills:
 - Level 4.0 Fighting
 - Level 7.0 Ranged Weapons
 - Level 4.0 Armour
 - Level 4.0 Dodging
 + Level 4.4 Stealth


You had 6 spell levels left.
You didn't know any spells.
Your spell library contained the following spells:

 Spells                   Type           Power      Damage    Failure   Level
 Foxfire                  Conj/Fire      0%         2x1d4     47%         1
 Magic Dart               Conj           0%         1d3       47%         1
 Summon Small Mammal      Summ           0%         N/A       47%         1
 Call Imp                 Summ           0%         N/A       63%         2
 Call Canine Familiar     Summ           0%         N/A       85%         3
 Inner Flame              Hex/Fire       0%         N/A       85%         3
 Mephitic Cloud           Conj/Pois/Air  0%         N/A       85%         3
 Summon Guardian Golem    Hex/Summ       0%         N/A       85%         3
 Flame Wave               Conj/Fire      0%         2d4       99%         4
 Sticky Flame             Conj/Fire      0%         2d3       99%         4
 Fireball                 Conj/Fire      0%         3d3       100%        5
 Starburst                Conj/Fire      0%         6d3       100%        6


Dungeon Overview and Level Annotations

Branches:
Dungeon (5/15)
 Temple: D:4-7

Altars:
Dithmenos

Shops:
D:3 (   D:4 *


Innate Abilities, Weirdness & Mutations

You are small and have problems with some larger weapons.
You are completely attuned to the shadows.


Message History

You shoot an arrow. The arrow closely misses the queen bee.
The queen bee changes into an entropy weaver!
The jelly misses you.
You shoot an arrow.
The arrow hits the entropy weaver but does no damage.
The jelly barely misses you. The entropy weaver hits you! x2
The entropy weaver barely misses you.
The entropy weaver completely misses you.
You shoot an arrow. The arrow hits the entropy weaver.
The entropy weaver resists with almost no effort.
The entropy weaver is lightly wounded.
The entropy weaver hits you. The entropy weaver hits you!
The entropy weaver hits you. The entropy weaver barely misses you.
The jelly barely misses you. The entropy weaver hits you!
* * * LOW HITPOINT WARNING * * *
The entropy weaver misses you. The entropy weaver closely misses you.
The entropy weaver hits you but does no damage.
Unknown command.
Okay, then.
d - a scroll labelled XEIGYL TATOGIYMN The jelly closely misses you.
The entropy weaver misses you. The entropy weaver hits you.
* * * LOW HITPOINT WARNING * * *
The entropy weaver barely misses you.
The entropy weaver hits you but does no damage.
Found an escape hatch in the floor.
The jelly hits you but does no damage.
You feel much better. The jelly misses you.
The entropy weaver completely misses you.
The entropy weaver misses you. The entropy weaver hits you!
The entropy weaver misses you.
You fade into invisibility!
The jelly barely misses you. The entropy weaver hits you.
The entropy weaver barely misses you.
The entropy weaver hits you but does no damage.
The entropy weaver hits you.
Found 15 gold pieces.
The jelly closely misses you. The entropy weaver hits you!
* * * LOW HITPOINT WARNING * * *
The entropy weaver hits you!
You die...

# #######
..#.....####.
............ ....
....@B....# ....
.>...J....### ....
............##....
........~≈~...##.#
$.....~~~≈≈~≈..#.#
.~~≈≈≈≈≈≈≈...#
≈~~~≈≈≈≈~..#
P<♣≈~≈~..#
P.≈≈≈~.#


You could see an entropy weaver shaped shifter and a jelly.

Vanquished Creatures
  A black bear (D:3)
  A necrophage (D:4)
  2 scorpions (D:5)
  A hound (D:4)
  A jelly (D:5)
  2 iguanas (D:5)
  2 orc wizards (D:4)
  5 gnolls
  7 adders
  4 worms
  3 dart slugs
  7 orcs
  7 endoplasms
  4 giant cockroaches
  7 hobgoblins
  5 jackals
  5 quokkas
  8 ball pythons
  6 bats
  2 frilled lizards (D:1)
  6 goblins
  10 kobolds
  3 rats
99 creatures vanquished.

Vanquished Creatures (others)
  A plant (D:3)
1 creature vanquished.

Grand Total: 100 creatures vanquished

Notes
Turn   | Place    | Note
-------+----------+-------------------------------------------
     0 | D:1      | Newt the Kobold Hunter began the quest for the Orb.
     0 | D:1      | Reached XP level 1. HP: 12/12 MP: 1/1
    58 | D:1      | Reached XP level 2. HP: 12/17 MP: 2/2
   130 | D:1      | Reached skill level 6 in Ranged Weapons
   254 | D:1      | Reached XP level 3. HP: 17/21 MP: 3/3
   885 | D:2      | Reached skill level 7 in Ranged Weapons
   951 | D:2      | Reached XP level 4. HP: 27/27 MP: 4/4
  1755 | D:3      | Noticed a black bear
  1767 | D:3      | Killed a black bear
  1768 | D:3      | Reached XP level 5. HP: 21/33 MP: 5/5
  1959 | D:3      | Found Usoon's Antique Weapon Emporium.
  2026 | D:3      | Reached XP level 6. HP: 38/38 MP: 6/6
  2115 | D:3      | Reached skill level 1 in Armour
  2149 | D:3      | Found a shadowy altar of Dithmenos.
  2253 | D:3      | Found a faded altar of an unknown god.
  3202 | D:4      | Found Neozul's Assorted Antiques.
  3205 | D:4      | Upgraded the game from 0.30-a0-534-gdc55766716 to
                  | 0.30-a0-540-g0af01429fa
  3281 | D:4      | Reached XP level 7. HP: 31/43 MP: 7/7
  3866 | D:5      | Entered Level 5 of the Dungeon
  3947 | D:5      | a howler monkey changed into a shapeshifter
  3947 | D:5      | Noticed a shapeshifter (shapeshifter)
  3947 | D:5      | a shapeshifter changed into a queen bee
  3947 | D:5      | Noticed a queen bee (shapeshifter)
  3948 | D:5      | a queen bee changed into an entropy weaver
  3948 | D:5      | Noticed an entropy weaver (shapeshifter)
  3955 | D:5      | Mangled by an entropy weaver (shapeshifter)

Illustrated notes

Levels and vault maps discovered:
D:1:      erik_arrival_orb_chamber, layout_basic, st_stairs_7,
          minmay_misc_feat_room
D:2:      layout_loops_ring
D:3:      layout_basic, nicolae_overflow_crystal_walls, serial_shops, shop,
          dreamdust_ecumenical_altar_angels_and_demons, grunt_ministairs_3,
          serial_bayou_pond_a, nrook_mini_vaults
D:4:      layout_basic, serial_shops, kennysheep_mini_moat
D:5:      layout_rooms, nicolae_overflow_hidden_temple, fedhas_ov_isle_minmay,
          cheibrodos_sewer_entry_bend, serial_shops, shop

Skill      XL: |  1  2  3  4  5  6  7 |
---------------+----------------------+-----
Ranged Weapons | 6 7 |  7.0
Fighting       | 4 |  4.0
Dodging        | 3 4 |  4.0
Armour         | 3 4 |  4.0
Stealth        | 4 |  4.4

Action                   |  1- 3 |  4- 6 |  7- 9 || total
-------------------------+-------+-------+-------++-------
Melee: Shortbow          |       |     1 |       ||     1
 Fire: Shortbow          |    70 |   169 |    50 ||   289
  Use: Scroll            |     2 |       |    14 ||    16
       Potion            |       |       |     4 ||     4
Armor: Leather armour    |     6 |    25 |    12 ||    43
Dodge: Dodged            |    18 |    72 |    42 ||   132

Table legend: (Time is in decaauts)
 A = Elapsed time spent in this place.
 B = Non-inter-level travel time spent in this place.
 C = Inter-level travel time spent in this place.
 D = Time resting spent in this place.
 E = Time spent auto-exploring this place.
 F = Levels seen in this place.
 G = Mean time per level.
                   A        B        C        D        E       F      G
               +--------+--------+--------+--------+--------+-----+--------+
         Total |   4021 |   3879 |    142 |    135 |   3137 |   5 |  804.2 |
       Dungeon |   4021 |   3879 |    142 |    135 |   3137 |   5 |  804.2 |
               +--------+--------+--------+--------+--------+-----+--------+

Top non-repeatable levels by time:
     D:3: 1336 daAuts
     D:4: 931 daAuts
     D:1: 859 daAuts
     D:2: 794 daAuts
     D:5: 98 daAuts
